 Dungeon Crawl Stone Soup version 0.29.0-4-gdea44cf6ec (webtiles) character file.

Game seed: 1461119878634961353

22 qw the Firebug (level 2, -1/23 HPs)
             Began as a Ghoul Fire Elementalist on Aug 29, 2022.
             Slain by a goblin
             ... wielding a +2 dagger of protection
              (5 damage)
             ... on level 1 of the Dungeon.
             The game lasted 00:01:05 (1276 turns).

qw the Firebug (Ghoul Fire Elementalist)            Turns: 1276, Time: 00:01:06

Health: -1/23      AC:  2    Str: 11    XL:     2   Next: 91%
Magic:  3/3        EV: 12    Int: 10    God:
Gold:   51         SH:  0    Dex:  9    Spells: 3/4 levels left

rFire   . . .      SeeInvis .     - Unarmed
rCold   + . .      Faith    .   (no shield)
rNeg    + + +      Spirit   .   a - +0 robe
rPois   inf        Reflect  .   (no helmet)
rElec   .          Harm     .   (no cloak)
rCorr   .          Rampage  .   (no gloves)
Will    .....                   (no boots)
Stlth   ++........              (no amulet)
HPRegen 0.00/turn               (no ring)
MPRegen 0.08/turn               (no ring)

@: inhibited regen
A: claws 1, cold resistance 1, negative energy resistance 3, inhibited
regeneration, torment resistance 2, devour on kill
a: no special abilities


You were on level 1 of the Dungeon.
You visited 1 branch of the dungeon, and saw 1 of its levels.

You collected 51 gold pieces.


Innate Abilities, Weirdness & Mutations

You are immune to poison.
You have sharp fingernails.
Your flesh is cold resistant. (rC+)
You are immune to negative energy. (rN+++)
You do not regenerate when monsters are visible.
You are immune to unholy pain and torment.
You thrive by killing the living.


   Skills:
 - Level 1.2 Fighting
 - Level 1.7 Dodging
 - Level 2.1 Stealth
 + Level 2.2 Unarmed Combat
 - Level 1.7 Spellcasting
 - Level 0.7 Conjurations
 - Level 2.4 Fire Magic


You had 3 spell levels left.
You knew the following spells:

 Your Spells              Type           Power      Damage    Failure   Level
a - Foxfire               Conj/Fire      16%        2x1d4     17%         1

Your spell library contained the following spells:

 Spells                   Type           Power      Damage    Failure   Level
 Scorch                   Fire           10%        2d6       19%         2
 Conjure Flame            Conj/Fire      4%         6-21      45%         3
 Inner Flame              Hex/Fire       3%         N/A       52%         3
 Flame Wave               Conj/Fire      4%         2d5       86%         4

Inventory:

Armour
 a - a +0 robe (worn)
 g - a +0 leather armour
 h - a +0 ring mail
Jewellery
 j - a ring of see invisible
Scrolls
 c - a scroll of enchant weapon {unknown}
 d - a scroll of brand weapon {unknown}
 f - 2 scrolls of identify {unknown}
Potions
 b - a potion of magic
 e - a potion of heal wounds {unknown}
 i - 2 potions of resistance {unknown}

Dungeon Overview and Level Annotations

Branches:
Dungeon (1/15)

Altars:


Message History

You kill the ball python!
You start resting.
HP restored.
A hobgoblin and a goblin come into view.
The goblin is wielding a +2 dagger of protection.
The hobgoblin shouts!
The goblin shouts!
1261 ||| Stepping ~*~*~tactically~*~*~ (outnumbered).
1262 ||| Stepping ~*~*~tactically~*~*~ (outnumbered).
The hobgoblin attacks as you move away! The hobgoblin misses you.
1263 ||| Stepping ~*~*~tactically~*~*~ (outnumbered).
1264 ||| Stepping ~*~*~tactically~*~*~ (outnumbered).
The goblin attacks as you move away!
The goblin hits you with a +2 dagger of protection.
1265 ||| Stepping ~*~*~tactically~*~*~ (outnumbered).
1266 ||| Stepping ~*~*~tactically~*~*~ (outnumbered).
You scratch the hobgoblin.
The hobgoblin is almost dead.
The hobgoblin closely misses you.
The goblin hits you with a +2 dagger of protection.
You closely miss the hobgoblin.
The hobgoblin is almost dead.
The hobgoblin misses you. The goblin barely misses you.
You scratch the hobgoblin.
You kill the hobgoblin!
The goblin hits you with a +2 dagger of protection.
You scratch the goblin but do no damage.
The goblin hits you with a +2 dagger of protection.
You miss the goblin. The goblin misses you.
You scratch the goblin but do no damage.
The goblin hits you with a +2 dagger of protection.
You barely miss the goblin.
The goblin hits you with a +2 dagger of protection.
You closely miss the goblin. The goblin closely misses you.
You barely miss the goblin.
The goblin hits you with a +2 dagger of protection.
You scratch the goblin but do no damage.
The goblin hits you with a +2 dagger of protection.
You die...

#............#
#.###..#######
#.# #..#
#.###..######
..............
.
.......#######
.#.# #.##...#
#########.#.##
#.##...#
#..............
.)##.....
#@.............
####..####
#.g............
# #..#
#..............
# #..#
#..............
#
#..............
#
#).............
#
#.........?....
#
#..............
#
#..............


You could see a goblin.

Vanquished Creatures
  2 ball pythons (D:1)
  4 endoplasms (D:1)
  A giant cockroach (D:1)
  3 hobgoblins (D:1)
  A bat (D:1)
  4 frilled lizards (D:1)
  2 goblins (D:1)
  4 kobolds (D:1)
  A rat (D:1)
22 creatures vanquished.

Notes
Turn   | Place    | Note
-------+----------+-------------------------------------------
     0 | D:1      | qw the Ghoul Fire Elementalist began the quest for the Orb.
     0 | D:1      | Reached XP level 1. HP: 14/14 MP: 2/2
     0 | D:1      | 0 ||| qw: Version: 0.1-a-90-g952f4b7
     0 | D:1      | 0 ||| qw: Game counter: 3706
     0 | D:1      | 0 ||| qw: Always use a shield: true
     0 | D:1      | 0 ||| qw: God list: Okawaru
     0 | D:1      | 0 ||| qw: Allow faded altars: false
     0 | D:1      | 0 ||| qw: Do Orc after D:15 true
     0 | D:1      | 0 ||| qw: Do second Lair branch before Depths: true
     0 | D:1      | 0 ||| qw: Lair rune preference: random
     0 | D:1      | 0 ||| qw: Plans: Normal
     0 | D:1      | 0 ||| PLANNING D:1-11
   103 | D:1      | 103 ||| Stepping ~*~*~tactically~*~*~ (stealth).
   106 | D:1      | 106 ||| Stepping ~*~*~tactically~*~*~ (outnumbered).
   113 | D:1      | HP: 3/14 [kobold/+0 dagger (4)]
   118 | D:1      | Reached skill level 1 in Unarmed Combat
   550 | D:1      | 550 ||| Stepping ~*~*~tactically~*~*~ (stealth).
   559 | D:1      | Reached skill level 1 in Fighting
   559 | D:1      | Reached XP level 2. HP: 23/23 MP: 3/3
  1101 | D:1      | 1101 ||| Stepping ~*~*~tactically~*~*~ (stealth).
  1261 | D:1      | 1261 ||| Stepping ~*~*~tactically~*~*~ (outnumbered).
  1262 | D:1      | 1262 ||| Stepping ~*~*~tactically~*~*~ (outnumbered).
  1263 | D:1      | 1263 ||| Stepping ~*~*~tactically~*~*~ (outnumbered).
  1264 | D:1      | 1264 ||| Stepping ~*~*~tactically~*~*~ (outnumbered).
  1265 | D:1      | 1265 ||| Stepping ~*~*~tactically~*~*~ (outnumbered).
  1266 | D:1      | 1266 ||| Stepping ~*~*~tactically~*~*~ (outnumbered).
  1275 | D:1      | HP: 4/23 [goblin/+2 dagger of protection (2)]
  1276 | D:1      | Slain by a goblin

Levels and vault maps discovered:
D:1:      minmay_arrival_semitransparent, layout_loops_ring,
          wad_floor_pattern_1, chequers_mini_garden, st_stairs_3

Skill      XL: |  1  2 |
---------------+-------+-----
Unarmed Combat | 1 2 |  2.2
Fighting       | 1 |  1.2
Dodging        | |  1.7
Stealth        | |  2.1
Spellcasting   | |  1.7
Conjurations   | |  0.7
Fire Magic     | |  2.4

Action                   || total
-------------------------++-------
Melee: Unarmed           ||    83
       Punch             ||     1
 Stab: Distracted        ||     1
Armor: Robe              ||     8
Dodge: Dodged            ||    31

Table legend:
 A = Non-vault XP
 B = Vault XP
 C = Vault XP percentage of total XP
 D = Non-vault monster count
 E = Vault monster count
 F = Vault count percentage of total count
                 A         B        C        D         E       F
            +---------+---------+-------+---------+---------+-------
      Total |      30 |       2 |   6.2 |      20 |       2 |   9.1
            +---------+---------+-------+---------+---------+-------
        D:1 |      30 |       2 |   6.2 |      20 |       2 |   9.1
            +---------+---------+-------+---------+---------+-------
